 Dungeon Sprint DCSS version 0.21-a0-352-g5b8f553 (webtiles) character file.

2551 Kidiri the Fighter (level 9, -4/136 HPs)
             Began as a Yellow Draconian Berserker on Oct 10, 2017.
             Was a High Priest of Trog.
             Slain by an unseen horror (8 damage)
             ... in the Dungeon (Sprint III: "The Ten Rune Challenge").
             The game lasted 00:05:43 (1564 turns).

Kidiri the Fighter (Yellow Draconian Berserker)     Turns: 1564, Time: 00:05:44

Health: -4/136     AC:  7    Str: 28    XL:     9   Next: 31%
Magic:  12/12      EV: 16    Int:  8    God:    Trog [*****.]
Gold:   27         SH:  0    Dex:  8    Spells: 8/8 levels left

rFire    . . .     SeeInvis .   (no weapon)
rCold    . . .     Gourm    .   (no shield)
rNeg     . . .     Faith    .   (armour unavailable)
rPois    .         Spirit   .   (helmet restricted)
rElec    .         Reflect  .   (no cloak)
rCorr    +         Harm     .   (no gloves)
MR       .....     NoTele   +   (no boots)
Stlth    ..........             (no amulet)
HPRegen  0.32/turn              (no ring)
MPRegen  0.13/turn              (no ring)

@: berserking, flying, very quick
A: spit acid, acid resistance, unfitting armour, big wings, horns 1, clumsy 1,
cold-blooded, MP-powered wands, AC +7
a: Breathe Acid, Stop Flying, Berserk, Trog's Hand, Brothers in Arms, Burn
Spellbooks, Renounce Religion


You were in the Dungeon.
You worshipped Trog.
Trog was extremely pleased with you.
You were near starving.

You visited 1 branch You collected 27 gold pieces.

Inventory:

Hand Weapons
 a - a +0 mace
Wands
 t - a wand of polymorph (7/24)
Scrolls
 h - a scroll of blinking
 i - a scroll of fog
 j - 3 scrolls of recharging {unknown}
 l - a scroll of holy word {unknown}
 n - 2 scrolls of remove curse {unknown}
 q - a scroll of torment {unknown}
 r - a scroll of amnesia {unknown}
Potions
 c - 4 potions of curing
 e - 2 potions of haste
 f - 2 potions of magic
 g - a potion of berserk rage
 m - a potion of might
 p - a potion of flight
Comestibles
 b - a bread ration
 k - 5 chunks of flesh
 o - 2 royal jellies


   Skills:
 * Level 12.4 Fighting
 * Level 11.5 Maces & Flails
 + Level 7.2 Throwing
 * Level 10.7 Dodging
 + Level 4.7 Evocations


You had 8 spell levels left.
You didn't know any spells.

Dungeon Overview and Level Annotations

Branches:
Dungeon (1/1)

Altars:
Cheibriados
Dithmenos
Elyvilon
Fedhas
Gozag
Hepliaklqana
Kikubaaqudgha
Makhleb
Nemelex Xobeh
Okawaru
Qazlal
Ru
Sif Muna
Trog
Uskayaw
Vehumet
Wu Jian
Xom
Yredelemnul
Zin
The Shining One
Beogh
Jiyva
Lugonu

Annotations:
D exclusion: door


Innate Abilities, Weirdness & Mutations

You can spit globs of acid.
You are resistant to acid.
Your golden yellow scales are hard. (AC +7)
You cannot fit into any form of body armour.
You are cold-blooded and may be slowed by cold attacks.
Your large and strong wings let you fly indefinitely.
You have a pair of small horns on your head.
You are clumsy. (Dex -2)
You expend magic power (3 MP) to strengthen your wands.


Message History

You are near starving!
Something hits you. x2; Something barely misses you.
Your troll rages.
You hit something but do no damage. You headbutt something!
Something hits you! x2
* * * LOW HITPOINT WARNING * * *
Something hits you!
* * * LOW HITPOINT WARNING * * *
You miss something. Something hits you!
* * * LOW HITPOINT WARNING * * *
Something hits you but does no damage.
Your troll rages.
You barely miss something. You headbutt something. Something hits you.
* * * LOW HITPOINT WARNING * * *
Something barely misses you. Something hits you.
* * * LOW HITPOINT WARNING * * *
Something hits you.
* * * LOW HITPOINT WARNING * * *
You closely miss something. You headbutt something.
Your tail-slap misses something.
Something hits you!
You die...

#__# #[_# #+## ...#
...# ##'#
...#+###############
...#..≈≈≈§.#.'.T.{.#
...#.#§§§#.#.#÷.@##.#
...'§#.§§#.#.#.).#
#.#
...#.#..§#...#...#
#.#
▓▓▓▓▓▓▓▓▓▓▓▓▓▓▓▓▓#
#.# #.# #.# ##


You could see a friendly troll (berserk).

Vanquished Creatures
  Erica (D)
  A centaur warrior (D)
  A shadow (D)
  A spatial vortex (D)
  A necrophage (D)
  2 centaurs (D)
  An earth elemental (D)
  A water elemental (D)
  A jelly (D)
  A wizard (D)
  Jessica (D)
  A necromancer (D)
  3 humans (D)
  A kobold demonologist (D)
  An ooze (D)
  A phantom (D)
  2 rats (D)
21 creatures vanquished.

Vanquished Creatures (collateral kills)
  A deep elf mage (D)
1 creature vanquished.

Vanquished Creatures (others)
  2 draconian scorchers (D)
  6 hellions (D)
  2 yaktaurs (D)
10 creatures vanquished.

Grand Total: 32 creatures vanquished

Notes
Turn   | Place    | Note
-------+----------+-------------------------------------------
     0 | D        | Kidiri the Draconian Berserker began the quest for the Orb.
     0 | D        | Reached XP level 1. HP: 19/19 MP: 1/1
    28 | D        | Noticed Jessica
    33 | D        | Killed Jessica
    33 | D        | Reached ** piety under Trog
    33 | D        | Reached skill level 4 in Fighting
    33 | D        | Reached skill level 1 in Throwing
    33 | D        | Reached XP level 2. HP: 28/28 MP: 2/2
    33 | D        | Reached XP level 3. HP: 35/35 MP: 3/3
    60 | D        | Reached skill level 5 in Fighting
    81 | D        | Killed a hellion
    81 | D        | Killed a yaktaur
    82 | D        | Killed a hellion
    82 | D        | Killed a hellion
    82 | D        | Killed a hellion
    82 | D        | Killed a hellion
    88 | D        | Killed a hellion
   123 | D        | Reached *** piety under Trog
   137 | D        | Gained mutation: You are dopey. (Int -2) [potion of mutation]
   137 | D        | Gained mutation: Your natural rate of healing is unusually fast. [potion of mutation]
   138 | D        | Lost mutation: Your natural rate of healing is unusually fast. [potion of mutation]
   138 | D        | Lost mutation: You are dopey. (Int -2) [potion of mutation]
   138 | D        | Gained mutation: You have an increased reservoir of magic. (+10% MP) [potion of mutation]
   138 | D        | Gained mutation: You have a pair of small horns on your head. [potion of mutation]
   139 | D        | Lost mutation: You have an increased reservoir of magic. (+10% MP) [potion of mutation]
   139 | D        | Lost mutation: You have a pair of small horns on your head. [potion of mutation]
   139 | D        | Gained mutation: You are clumsy. (Dex -2) [potion of mutation]
   139 | D        | Gained mutation: You expend magic power (3 MP) to strengthen your wands. [potion of mutation]
   139 | D        | Gained mutation: Your large and strong wings let you fly indefinitely. [potion of mutation]
   139 | D        | Gained mutation: You have a pair of small horns on your head. [potion of mutation]
   171 | D        | Killed a white draconian scorcher
   184 | D        | Noticed a water elemental
   194 | D        | Killed a water elemental
   194 | D        | Reached skill level 6 in Fighting
   194 | D        | Reached skill level 5 in Maces & Flails
   194 | D        | Reached skill level 5 in Dodging
   194 | D        | Reached XP level 4. HP: 6/44 MP: 0/4
   201 | D        | Killed a white draconian scorcher
   233 | D        | Killed a yaktaur
   465 | D        | Found a radiant altar of Vehumet.
   465 | D        | Found a deep blue altar of Sif Muna.
   465 | D        | Found an ancient bone altar of Kikubaaqudgha.
   465 | D        | Noticed a wizard
   468 | D        | Killed a wizard
   468 | D        | Reached **** piety under Trog
   468 | D        | Reached XP level 5. HP: 51/51 MP: 5/5
   582 | D        | Found a glowing silver altar of Zin.
   583 | D        | Found a glowing golden altar of the Shining One.
   583 | D        | Found a white marble altar of Elyvilon.
   583 | D        | Noticed a deep elf mage
   586 | D        | Killed a deep elf mage
   586 | D        | Reached skill level 8 in Fighting
   586 | D        | Reached XP level 6. HP: 62/62 MP: 6/6
   645 | D        | Found an ornate altar of the Wu Jian Council.
   645 | D        | Found a roughly hewn altar of Beogh.
   645 | D        | Found an iron altar of Okawaru.
   645 | D        | Found a bloodstained altar of Trog.
   645 | D        | Found a hide-covered altar of Uskayaw.
   645 | D        | Noticed a human
   645 | D        | Noticed a human
   653 | D        | Killed a human
   653 | D        | Reached skill level 9 in Fighting
   653 | D        | Reached skill level 5 in Throwing
   658 | D        | Killed a human
   658 | D        | Your scales start taking on a golden yellow colour.
   658 | D        | Reached XP level 7. HP: 71/71 MP: 7/7
   749 | D        | Found a basalt altar of Yredelemnul.
   749 | D        | Found a shadowy altar of Dithmenos.
   749 | D        | Found a sacrificial altar of Ru.
   750 | D        | Reached ***** piety under Trog
   752 | D        | Reached skill level 10 in Fighting
   802 | D        | Noticed a shadow
   808 | D        | Killed a shadow
   808 | D        | Reached skill level 1 in Evocations
   924 | D        | Found a blossoming altar of Fedhas.
   924 | D        | Found a stormy altar of Qazlal.
   924 | D        | Found a snail-covered altar of Cheibriados.
   924 | D        | Found a burning altar of Makhleb.
   924 | D        | Found a shimmering altar of Xom.
   924 | D        | Noticed a spatial vortex
   926 | D        | Found a hazy altar of Hepliaklqana.
   926 | D        | Found an opulent altar of Gozag.
   926 | D        | Found a sparkling altar of Nemelex Xobeh.
   926 | D        | Found a corrupted altar of Lugonu.
   926 | D        | Found a viscous altar of Jiyva.
   935 | D        | Killed a spatial vortex
   935 | D        | Reached XP level 8. HP: 42/81 MP: 9/9
  1110 | D        | Noticed Erica
  1113 | D        | Killed Erica
  1113 | D        | Reached skill level 11 in Fighting
  1113 | D        | Reached skill level 10 in Maces & Flails
  1113 | D        | Reached skill level 10 in Dodging
  1431 | D        | Noticed a centaur warrior
  1437 | D        | Killed a centaur warrior
  1437 | D        | Reached skill level 12 in Fighting
  1437 | D        | Reached XP level 9. HP: 90/90 MP: 10/12
  1438 | D        | Received a gift from Trog
  1563 | D        | HP: 4/136 [something (4)]
  1564 | D        | Slain by an unseen horror

Vault maps used:
D:        dungeon_sprint_mu

Skill      XL: |  1  2  3  4  5  6  7  8 |
---------------+-------------------------+-----
Dodging        | 4 5 7 8 9 10 | 10.7
Fighting       | 4 6 8 9 10 12 | 12.4
Maces & Flails | 4 5 6 8 9 11 | 11.5
Throwing       | 1 2 3 4 5 6 7 |  7.2
Evocations     | 1 4 |  4.7

Action                   |  1- 3 |  4- 6 |  7- 9 || total
-------------------------+-------+-------+-------++-------
Melee: Mace              |    24 |    18 |    33 ||    75
       Tailslap          |     5 |     3 |     9 ||    17
       Headbutt          |     1 |     5 |     9 ||    15
       Unarmed           |       |       |    10 ||    10
Invok: Berserk           |     2 |     1 |     4 ||     7
       Burn Spellbooks   |       |     1 |       ||     1
       Brothers in Arms  |       |     1 |     1 ||     2
 Abil: Fly               |     1 |       |       ||     1
       Breathe Acid      |       |       |     7 ||     7
  Use: Potion            |     3 |       |     1 ||     4
       Scroll            |     2 |       |       ||     2
  Eat: Chunk             |       |     2 |     4 ||     6
       Fruit             |       |       |     4 ||     4
Armor: Skin              |     2 |     4 |    10 ||    16
Dodge: Dodged            |     9 |    12 |    26 ||    47

Table legend:
 A = Spawn XP
 B = Non-spawn XP
 C = Spawn XP percentage of total XP
 D = Spawn monster count
 E = Non-spawn monster count
 F = Spawn count percentage of total count
 G = Total turns spent on level
                    A         B        C        D         E        F      G
               +---------+---------+-------+---------+---------+-------+---------
         Total |       0 |    3645 |   0.0 |       0 |      22 |   0.0 |  1564
               +---------+---------+-------+---------+---------+-------+---------
             D |       0 |    3645 |   0.0 |       0 |      22 |   0.0 |  1564
               +---------+---------+-------+---------+---------+-------+---------
